AoeStats
← InterdimensionalGayfrog

Arabia

509714886Analyzed
1v1 RM · 6d ago on Sep 27, 2026· 40m 39s· 2 players
Game mode
Random Map
Map size
Tiny (2 player)
Population
200
Speed
Normal
Resources
Standard
Victory
Conquest
Starting age
Dark Age
Ending age
Imperial Age
RankedLock teamsTeams togetherTeam positionsShared explorationLock speedFull tech treeHidden civsTurbo modeCheats
Victory
Defeat
🇺🇸 Poles · United States
1355
+14
🇧🇬 Jurchens · Bulgaria
1306
-14
IYI_cptn
9:29 Feudal Age
7:44 Loom
14:52 Double-Bit Axe
17:08 Forging
18:30 Horse Collar
22:40 Castle Age
21:37 Scale Barding Armor
23:05 Bloodlines
23:33 Wheelbarrow
23:25 Husbandry
24:03 Iron Casting
34:09 Scale Mail Armor
35:23 Bow Saw
36:46 Heavy Plow
38:20 Chain Barding Armor
39:58 Hand Cart
40:17 Fletching
InterdimensionalGayfrog
7:13 Loom
9:19 Feudal Age
10:02 Double-Bit Axe
10:00 Horse Collar
21:10 Castle Age
20:12 Scale Barding Armor
21:09 Forging
21:43 Bloodlines
25:10 Chain Barding Armor
29:59 Bow Saw
31:14 Wheelbarrow
36:54 Imperial Age
34:41 Hand Cart
34:44 Szlachta Privileges
34:52 Husbandry
35:29 Iron Casting
37:00 Cavalier
38:42 Blast Furnace
Connection lost

Rejoining the realm…

Still unreachable

The connection could not be restored.

Session expired

The server has moved on; the page needs a fresh start.